Map: Central Protocol

Players

Soulspirit - Winner!

  • Race: Zerg Zerg
  • League: Grandmaster

Miszu

  • Race: Terran Terran
  • League: Grandmaster

VOD

Have the link to the VOD?

Description

Time

  • Played on: Feb. 20, 2016, 2:24 p.m.
  • Length: 8:03
Show
View Real Time Build Order
Export as new Build Order

Soulspirit Zerg - Winner!

Build Orders: Hatch First 

Get SALT Encoding   

  12  0:01  Drone  
  13  0:07  Drone  
  14  0:16  Overlord  
  14  0:28  Extractor  
  14  0:30  Extractor, Drone x2  
  14  0:35  Drone  
  17  0:55  Hatchery  
  17  0:57  Drone  
  17  1:04  Extractor  
  17  1:05  Drone  
  17  1:16  Spawning Pool  
  16  1:19  Drone  
  16  1:22  Drone  
  18  1:33  Drone  
  19  1:56  Overlord  
  19  2:04  Roach Warren, Zergling x4  
  19  2:08  Queen  
  20  2:10  Queen  
  20  2:14  Zergling x2  
  25  2:17  Drone  
  26  2:33  Overlord  
  26  2:43  Roach x3  
  26  2:44  Roach  
  34  2:51  Roach  
  34  2:53  Drone  
  36  3:01  Roach  
  36  3:09  Overlord  
  36  3:10  Drone  
  37  3:19  Drone x2  
  39  3:21  Drone  
  39  3:22  Drone x3  
  43  3:27  Overlord  
  43  3:30  Drone  
  43  3:31  Drone  
  47  3:48  Roach x2  
  47  3:49  Roach  
  51  3:56  Overlord  
  51  3:57  Drone x2  
  51  3:58  Drone x3  
  56  4:06  Roach  
  58  4:14  Overlord  
  58  4:18  Extractor  
  57  4:28  Drone x9  
  57  4:29  Extractor  
  57  4:30  Ravager  
  66  4:40  Roach  
  68  4:47  Overlord x2  
  68  4:55  Roach x2  
  72  5:02  Lair, Drone  
  73  5:09  Hatchery  
  72  5:15  Ravager  
  72  5:16  Roach  
  72  5:19  Drone x4  
  79  5:21  Extractor  
  79  5:27  Ravager  
  79  5:31  Roach x2  
  83  5:40  Ravager  
  84  5:48  Roach x3  
  90  5:54  Roach  
  90  5:56  Overlord x5  
  92  6:02  Glial Reconstitution  
  92  6:10  Drone x2  
  92  6:15  Roach  
  92  6:16  Roach x4  
  102  6:18  Roach  
  102  6:22  Queen  
  106  6:27  Ravager  
  106  6:30  Ravager  
  106  6:32  Roach  
  110  6:34  Roach  
  110  6:36  Drone x4  
  110  6:37  Drone  
  117  6:43  Roach x2  
  117  6:44  Roach x2  
  122  6:48  Roach  
  124  6:55  Roach x3  
  124  6:59  Ravager  
  131  7:03  Overlord  
  131  7:08  Roach  
  131  7:09  Roach  
  131  7:13  Ravager  
  136  7:18  Ravager  
  136  7:20  Overlord  
  136  7:21  Overlord x3  
  118  7:38  Roach x3  
  118  7:39  Roach x5  
  118  7:43  Roach  
  124  7:44  Roach  
Show
View Real Time Build Order
Export as new Build Order

Miszu Terran 

Build Orders: MMM Bio 

Get SALT Encoding   

  12  0:00  SCV  
  13  0:12  SCV  
  14  0:17  Supply Depot  
  14  0:24  SCV  
  14  0:27  Refinery  
  15  0:39  SCV  
  16  0:50  Barracks  
  16  0:51  SCV  
  17  1:06  Barracks  
  17  1:07  SCV  
  18  1:19  SCV  
  18  1:24  Barracks  
  20  1:37  Reaper  
  20  1:40  Orbital Command  
  20  1:53  Reaper  
  21  1:58  Supply Depot  
  21  2:05  SCV  
  21  2:07  Refinery  
  22  2:09  Reaper  
  23  2:20  Reaper, SCV  
  25  2:25  Reaper  
  25  2:27  Supply Depot  
  26  2:41  Reaper  
  26  2:42  SCV  
  28  2:52  Reaper  
  29  3:08  Reaper  
  29  3:11  SCV  
  31  3:13  Reaper  
  31  3:15  Command Center  
  32  3:23  Supply Depot, SCV  
  32  3:24  Reaper  
  33  3:35  SCV  
  33  3:40  Reaper  
  34  3:49  Reaper, SCV  
  34  3:54  Command Center  
  36  4:14  Reaper  
  36  4:15  Reaper, SCV  
  38  4:27  SCV  
  38  4:30  Orbital Command  
  39  4:35  Barracks Tech Lab  
  39  4:36  Factory  
  38  4:39  SCV  
  38  4:50  Barracks Reactor  
  38  4:51  Barracks Tech Lab, SCV  
  39  4:55  SCV  
  40  5:01  Marine  
  40  5:03  Stimpack, SCV  
  40  5:14  Marine  
  40  5:15  SCV  
  40  5:17  Orbital Command  
  40  5:18  Barracks  
  40  5:19  Marine  
  40  5:20  Barracks  
  40  5:21  Refinery  
  43  5:22  SCV  
  43  5:23  Refinery  
  43  5:27  Combat Shields  
  44  5:32  Marine x2  
  44  5:33  Marine  
  47  5:36  Marine  
  48  5:50  Marine x3  
  48  5:53  SCV x3  
  48  5:54  Marine  
  48  5:56  Factory Reactor  
  55  5:58  Starport  
  55  6:05  SCV x2  
  55  6:08  Marine x3  
  60  6:12  Marine  
  60  6:14  SCV  
  60  6:17  SCV  
  60  6:18  Barracks Reactor  
  63  6:19  Barracks Reactor  
  63  6:21  SCV  
  64  6:25  Marine  
  64  6:26  Marine x2  
  64  6:29  SCV  
  64  6:30  Marine  
  69  6:42  Supply Depot x2  
  69  6:43  Marine  
  69  6:44  Marine x2  
  69  6:45  Factory Tech Lab  
  71  6:47  Medivac  
  71  6:48  Marine  
  71  6:50  Medivac  
  76  6:55  Engineering Bay  
  76  6:56  Engineering Bay  
  76  6:57  Marine, Orbital Command  
  77  7:03  Marine x6, SCV  
  77  7:04  SCV  
  77  7:05  Marine  
  86  7:11  Siege Tank  
  86  7:14  Marine  
  90  7:15  SCV  
  90  7:21  Marine x2  
  93  7:29  Marine  
  93  7:33  Marine  
  93  7:34  Marine  
  93  7:35  Marine  
  93  7:36  Marine  
  93  7:37  Marine  
Tags
 
Add a new tag
Caveats
  • Supply blocks, unpowered buildings, or Contaminate may cause inaccurate times.
  • Supply counts are checked every 10 seconds.